 Dungeon Crawl Stone Soup version 0.29-a0-356-g7bc237e783 (webtiles) character file.

Game seed: 7170103911608778225

9 ytrimaz the Skirmisher (level 2, -3/24 HPs)
             Began as a Demonspawn Berserker on Apr 26, 2022.
             Was a Follower of Trog.
             Slain by a hobgoblin (4 damage)
             ... on level 1 of the Dungeon.
             The game lasted 00:00:16 (242 turns).

ytrimaz the Skirmisher (Demonspawn Berserker)        Turns: 242, Time: 00:00:17

Health: -3/24      AC:  2    Str: 17    XL:     2   Next: 6%
Magic:  2/2        EV: 12    Int:  8    God:    Trog [*.....]
Gold:   19         SH:  0    Dex: 12    Spells: 1/1 levels left

rFire   . . .      SeeInvis .     - Unarmed
rCold   . . .      Faith    .   (no shield)
rNeg    . . .      Spirit   .   a - +0 animal skin
rPois   .          Reflect  .   (no helmet)
rElec   .          Harm     .   (no cloak)
rCorr   .          Rampage  .   (no gloves)
Will    .....                   (no boots)
Stlth   +.........              (no amulet)
HPRegen 0.08/turn               (no ring)
MPRegen 0.08/turn               (no ring)

@: on berserk cooldown, slowed, very slow
A: spiny 1
a: Renounce Religion, Berserk


You were on level 1 of the Dungeon.
You worshipped Trog.
Trog was aware of your devotion.
You visited 1 branch of the dungeon, and saw 1 of its levels.

You collected 19 gold pieces.

Inventory:

Armour
 a - a +0 animal skin (worn)


   Skills:
 + Level 3.2 Fighting
 + Level 1.8 Armour
 + Level 1.8 Dodging
 + Level 3.0 Unarmed Combat


You had one spell level left.
You didn't know any spells.
Your spell library was empty.

Dungeon Overview and Level Annotations

Branches:
Dungeon (1/15)

Altars:


Innate Abilities, Weirdness & Mutations

You are partially covered in sharp spines.


Message History

The jackal closely misses you. x2
You closely miss the jackal. You hit the jackal.
The jackal is moderately wounded.
The jackal closely misses you.
You punch the jackal!
You kill the jackal!
Trog accepts your kill.
You have reached level 2!
Your demonic ancestry asserts itself...
Sharp spines emerge from parts of your body.
You hit the jackal.
The jackal is almost dead.
The jackal is struck by your spines.
You kill the jackal!
Trog accepts your kill.
Your Unarmed Combat skill increases to level 3!
The hobgoblin barely misses you.
Things that are here:
a jackal corpse; a jackal corpse You barely miss the hobgoblin.
You hit the hobgoblin.
The hobgoblin is lightly wounded.
The hobgoblin hits you.
* * * LOW HITPOINT WARNING * * *
You hit the hobgoblin but do no damage.
The hobgoblin is lightly wounded.
The hobgoblin hits you.
* * * LOW HITPOINT WARNING * * *
You barely miss the hobgoblin.
The hobgoblin is lightly wounded.
You barely miss the hobgoblin.
The hobgoblin is lightly wounded.
The hobgoblin closely misses you.
You closely miss the hobgoblin.
The hobgoblin is lightly wounded.
You are no longer berserk.
You are exhausted.
You feel yourself slow down. The hobgoblin hits you.
You die...

..#....#........
.##...#####.....
#+...'#...##....
#....#.....#....
#....#..<..#....
.#####.....# ...
.....+#...## #.##
####..##### #..# ## ###.
#..# ##@# ... ...
##.#######g# ..).
.#######.........###.....
.........................
....:....########.#.>....
.........# #........
#........# ##....###
.........# ....#
.........# .#...#


You could see a hobgoblin.

Vanquished Creatures
  A bat (D:1)
  A giant cockroach (D:1)
  A hobgoblin (D:1)
  4 jackals (D:1)
7 creatures vanquished.

Notes
Turn   | Place    | Note
-------+----------+-------------------------------------------
     0 | D:1      | ytrimaz the Demonspawn Berserker began the quest for the
                  | Orb.
     0 | D:1      | Reached XP level 1. HP: 18/18 MP: 1/1
   235 | D:1      | Gained mutation: You are partially covered in sharp spines.
                  | [demonic ancestry]
   235 | D:1      | Reached XP level 2. HP: 7/24 MP: 2/2
   242 | D:1      | Slain by a hobgoblin

Illustrated notes

Levels and vault maps discovered:
D:1:      noname_arrival_rooms_in_the_neighbourhood, layout_rooms

Skill      XL: |  1  2 |
---------------+-------+-----
Unarmed Combat | 3 |  3.0
Fighting       | |  3.2
Armour         | |  1.8
Dodging        | |  1.8

Action                   || total
-------------------------++-------
Melee: Unarmed           ||    32
       Punch             ||     2
Invok: Berserk           ||     1
Armor: Animal skin       ||     7
Dodge: Dodged            ||    34

Table legend: (Time is in decaauts)
 A = Elapsed time spent in this place.
 B = Non-inter-level travel time spent in this place.
 C = Inter-level travel time spent in this place.
 D = Time resting spent in this place.
 E = Time spent auto-exploring this place.
 F = Levels seen in this place.
 G = Mean time per level.
                   A        B        C        D        E       F      G
               +--------+--------+--------+--------+--------+-----+--------+
         Total |    237 |    237 |      0 |      0 |    182 |   1 |  237.0 |
       Dungeon |    237 |    237 |      0 |      0 |    182 |   1 |  237.0 |
               +--------+--------+--------+--------+--------+-----+--------+

Top non-repeatable levels by time:
     D:1: 237 daAuts
